 Dungeon Crawl Stone Soup version 0.28.0-43-g3370ac3207 (webtiles) character file.

Game seed: 12078576025542448373

16 RascalDebosk the Chopper (level 2, -2/27 HPs)
             Began as a Hill Orc Monk on Mar 6, 2022.
             Slain by a worm (8 damage)
             ... on level 2 of the Dungeon.
             The game lasted 00:10:07 (994 turns).

RascalDebosk the Chopper (Hill Orc Monk)             Turns: 994, Time: 00:10:11

Health: -2/27      AC:  2    Str: 13    XL:     2   Next: 58%
Magic:  2/2        EV:  9    Int: 10    God:
Gold:   48         SH:  0    Dex: 13    Spells: 1/1 levels left

rFire   . . .      SeeInvis .   a - +0 hand axe
rCold   . . .      Faith    .   (no shield)
rNeg    . . .      Spirit   .   c - +0 robe
rPois   .          Reflect  .   (no helmet)
rElec   .          Harm     .   f - scarf {+Inv}
rCorr   .          Rampage  .   (no gloves)
Will    .....                   (no boots)
Stlth   ++........              (no amulet)
HPRegen 0.09/turn               (no ring)
MPRegen 0.08/turn               (no ring)

@: constricted
A: no striking features
a: Evoke Invisibility


You were on level 2 of the Dungeon.
You visited 1 branch of the dungeon, and saw 2 of its levels.

You collected 48 gold pieces.

Inventory:

Hand Weapons
 a - a +0 hand axe (weapon)
Armour
 c - a +0 robe (worn)
 f - a scarf of invisibility (worn)
Scrolls
 b - a scroll of noise {unknown}
 h - a scroll of summoning {unknown}
Potions
 d - a potion of heal wounds {unknown}
 e - a potion of curing {unknown}
 g - a potion of berserk rage {unknown}


   Skills:
 + Level 4.1 Fighting
 + Level 4.6 Axes
 - Level 2.4 Dodging
 - Level 1.5 Stealth
 + Level 0.1 Evocations


You had one spell level left.
You didn't know any spells.
Your spell library was empty.

Dungeon Overview and Level Annotations

Branches:
Dungeon (2/15)

Altars:


Message History

Found 21 stones.
Found a stone staircase leading down.
You see here 21 stones.
You now have 48 gold pieces (gained 9).
h - a scroll labelled KIXYCO ASTROASY Done exploring.
There is a stone staircase leading down here.
You climb downwards.
Found a stone staircase leading down.
There is a stone staircase leading up here.
You barely miss the ball python. The ball python bites you.
The ball python closely misses you.
You closely miss the ball python. The ball python bites you.
The ball python closely misses you.
You hit the ball python.
The ball python is heavily wounded.
The ball python bites you. The ball python grabs you.
The ball python constricts you.
You closely miss the ball python.
The ball python is moderately wounded.
You barely miss the worm. The ball python bites you.
The ball python constricts you. The worm bites you! The ball python bites you.
The ball python constricts you.
You hit the ball python but do no damage.
The ball python is moderately wounded.
You hit the worm. The ball python bites you. The ball python constricts you.
You hit the ball python.
The ball python is severely wounded.
You hit the worm. The ball python closely misses you.
The ball python constricts you.
* * * LOW HITPOINT WARNING * * *
The worm closely misses you.
You hit the ball python but do no damage.
The ball python is severely wounded.
You hit the worm. The ball python bites you.
* * * LOW HITPOINT WARNING * * *
The ball python constricts you.
* * * LOW HITPOINT WARNING * * *
The worm bites you!
You die...

# #######.#
.....#.###
.....>..#.
#.###.........
#....<.w..#
#.##..@S..#
########


You could see a worm and a ball python.

Vanquished Creatures
  A dart slug (D:1)
  2 bats (D:1)
  An endoplasm (D:1)
  2 giant cockroaches (D:1)
  3 goblins (D:1)
  A quokka (D:1)
  2 frilled lizards (D:1)
  2 rats (D:1)
14 creatures vanquished.

Notes
Turn   | Place    | Note
-------+----------+-------------------------------------------
     0 | D:1      | RascalDebosk the Hill Orc Monk began the quest for the Orb.
     0 | D:1      | Reached XP level 1. HP: 19/19 MP: 1/1
   409 | D:1      | Reached XP level 2. HP: 19/27 MP: 2/2
   994 | D:2      | Slain by a worm

Illustrated notes

Levels and vault maps discovered:
D:1:      minmay_arrival_pointy, layout_rooms, minmay_misc_feat_plants,
          chequers_serial_rivers_marsh, minmay_fountain_box
D:2:      layout_basic, chequers_serial_rivers_micro_a, lemuel_another_geyser

Skill      XL: |  1 |
---------------+----+-----
Fighting       | 4 |  4.1
Axes           | |  4.6
Dodging        | |  2.4
Stealth        | |  1.5
Evocations     | |  0.1

Action                   || total
-------------------------++-------
Melee: Hand axe          ||    42
       Punch             ||     1
 Stab: Sleeping          ||     4
Armor: Robe              ||     6
Dodge: Dodged            ||    25
